 Dungeon Crawl Stone Soup version 0.27-a0-1548-gf8a67e7463 (webtiles) character file.

Game seed: 14825814542097093732

3161 robertstho the Fighter (level 9, -11/127 HPs)
             Began as a Minotaur Berserker on July 13, 2021.
             Was an Elder of Trog.
             Hit by a large rock thrown by a cyclops (36 damage)
             ... on level 7 of the Dungeon.
             The game lasted 00:07:44 (5826 turns).

robertstho the Fighter (Minotaur Berserker)         Turns: 5826, Time: 00:07:45

Health: -11/127    AC: 24    Str: 24    XL:     9   Next: 62%
Magic:  8/8        EV:  2    Int:  5    God:    Trog [****..]
Gold:   263        SH:  0    Dex: 10    Spells: 8/8 levels left

rFire    . . .     SeeInvis .   u - +1 war axe (vamp)
rCold    . . .     Faith    .   (no shield)
rNeg     + + +     Spirit   .   (armour currently unavailable)
rPois    +         Reflect  .   (helmet currently unavailable)
rElec    .         Harm     .   (cloak currently unavailable)
rCorr    .         Rampage  .   (gloves currently unavailable)
Will     +....     NoTele   +   (boots currently unavailable)
Stlth    +.........             (no amulet)
HPRegen  0.31/turn              c - +4 ring of slaying
MPRegen  0.11/turn              p - ring of willpower

@: tree-form, on berserk cooldown, slowed, very slow
A: stationary, stasis, torment immunity, boosted hp, (horns 2), (retaliatory
headbutt)
a: Renounce Religion, Berserk, Trog's Hand, Brothers in Arms


You were on level 7 of the Dungeon.
You worshipped Trog.
Trog was greatly pleased with you.
You were a tree.
You visited 1 branch of the dungeon, and saw 7 of its levels.

You collected 263 gold pieces.

Inventory:

Hand Weapons
 t - a +1 flail of protection
 u - a +1 vampiric war axe (weapon)
Armour
 h - a +1 scale mail of cold resistance (melded)
 k - a +0 pair of boots (melded)
 r - a +0 plate armour
Jewellery
 c - a +4 ring of slaying (left branch)
 p - a ring of willpower (right branch)
 s - a ring of willpower
Wands
 a - a wand of iceblast (17)
 o - a wand of acid (5)
 y - a wand of paralysis (6)
Scrolls
 b - 2 scrolls of blinking
 d - 5 scrolls of teleportation
 f - a scroll of immolation
 i - 2 scrolls of fog
 w - 4 scrolls of identify
 x - a scroll of amnesia {unknown}
 z - a scroll of silence {unknown}
Potions
 e - 2 potions of mutation
 j - a potion of cancellation {unknown}
 l - 2 potions of attraction
 m - a potion of berserk rage {unknown}
 n - a potion of degeneration {unknown}
 q - a potion of haste
 v - a potion of magic


   Skills:
 * Level 9.9 Fighting
 + Level 9.9 Axes
 * Level 9.2 Armour
 + Level 4.1 Dodging


You had 8 spell levels left.
You didn't know any spells.
Your spell library was empty.

Dungeon Overview and Level Annotations

Branches:
Dungeon (7/15)             Temple (0/1) D:7

Altars:
Makhleb
Nemelex Xobeh
Okawaru
Uskayaw
Zin
The Shining One


Innate Abilities, Weirdness & Mutations

You are a tree.
Your roots penetrate the ground, keeping you stationary.
You cannot be teleported.
You are immune to unholy pain and torment.
Your maximum health is greatly increased.
Your equipment is partially melded.
((You have a pair of horns on your head.))
((You reflexively headbutt those who attack you in melee.))


Message History

You hit the boulder beetle. You headbutt the boulder beetle!
The boulder beetle is heavily wounded.
The boulder beetle bites you.
You slash the boulder beetle!
You feel better.
The boulder beetle is severely wounded.
You slash the boulder beetle!
The boulder beetle is almost dead.
The boulder beetle bites you!!
You hit the boulder beetle.
You feel better.
You headbutt the boulder beetle, but do no damage.
The boulder beetle is almost dead.
The boulder beetle leaps!
You feel a strong urge to attack something.
The boulder beetle curls into a ball and begins rolling!
You are no longer berserk.
You are exhausted.
You feel yourself slow down. The boulder beetle hits you!!
The boulder beetle stops rolling and uncurls.
The boulder beetle bites you!
You slash the boulder beetle!
You kill the boulder beetle!
Trog accepts your kill.
Your Armour skill increases to level 9!
You see here a boulder beetle corpse.
Found a quarterstaff.
You open the door.
There is an open door here.
Found 17 bolts.
A cyclops comes into view.
The cyclops shouts!
The cyclops throws a large rock.
The large rock hits you!
The cyclops throws a large rock.
The large rock hits you!!
* * * LOW HITPOINT WARNING * * *
It was a potion of lignification.
You turn into a tree.
Your +0 pair of boots melds into your body.
Your +1 scale mail of cold resistance melds into your body.
You feel less resistant to cold.
Your roots penetrate the ground.
The cyclops throws a large rock.
The large rock hits you!!!
You die...

###...#'##.#..
#(#.#+#..........##.
#................##.
#................#.. #
#................#.#
#.#................#.#
#..C..................
#.####.....###..........
.......♣.....'...†......
##############..........
#....[..... #..........
#.......... #..........
#.......... #..........
#).........


You could see a cyclops.

Vanquished Creatures
  A boulder beetle (D:7)
  Grinder (D:4)
  2 water moccasins (D:5)
  2 orc warriors
  A necrophage (D:5)
  An ogre (D:5)
  A centaur (D:6)
  3 phantoms
  2 scorpions (D:6)
  2 bullfrogs
  A wyvern skeleton (D:6)
  A water moccasin zombie (D:5)
  4 wights (D:6)
  A centaur zombie (D:6)
  A bullfrog zombie (D:6)
  A bullfrog skeleton (D:5)
  An orc priest (D:4)
  8 hounds
  A centaur skeleton (D:6)
  Natasha (D:2)
  Terence (D:2)
  An iguana (D:4)
  7 orc wizards
  A hound skeleton (D:4)
  4 gnolls (D:2)
  10 adders
  A shadow imp (D:5)
  A worm (D:2)
  3 dart slugs
  24 orcs
  10 endoplasms
  2 giant cockroaches
  5 goblins
  3 hobgoblins
  A quokka (D:5)
  8 ball pythons
  4 bats
  7 frilled lizards
  11 kobolds
  A rat (D:3)
141 creatures vanquished.

Vanquished Creatures (others)
  An orc wizard (D:4)
  5 plants (D:4)
6 creatures vanquished.

Grand Total: 147 creatures vanquished

Notes
Turn   | Place    | Note
-------+----------+-------------------------------------------
     0 | D:1      | robertstho the Minotaur Berserker began the quest for the
                  | Orb.
     0 | D:1      | Reached XP level 1. HP: 19/19 MP: 0/0
     1 | D:1      | You fall into a shaft and drop 1 floor!
    35 | D:2      | Reached XP level 2. HP: 21/27 MP: 1/1
   275 | D:2      | Reached XP level 3. HP: 34/34 MP: 2/2
  1348 | D:2      | Reached skill level 5 in Fighting
  1348 | D:2      | Reached XP level 4. HP: 39/42 MP: 3/3
  1386 | D:2      | Reached ** piety under Trog
  1591 | D:2      | Found a hide-covered altar of Uskayaw.
  1622 | D:2      | Noticed Terence
  1630 | D:2      | Killed Terence
  1698 | D:2      | Noticed Natasha
  1705 | D:2      | Killed Natasha
  1706 | D:2      | Reached XP level 5. HP: 43/48 MP: 4/4
  2037 | D:3      | Reached skill level 5 in Axes
  2184 | D:3      | Found a glowing golden altar of the Shining One.
  2520 | D:3      | Found a faded altar of an unknown god.
  2966 | D:4      | Noticed Grinder
  2975 | D:4      | Killed Grinder
  2976 | D:4      | Reached XP level 6. HP: 58/58 MP: 5/5
  3276 | D:4      | Reached XP level 7. HP: 57/64 MP: 6/6
  3802 | D:5      | Entered Level 5 of the Dungeon
  3824 | D:5      | Reached *** piety under Trog
  3884 | D:5      | Reached skill level 5 in Armour
  4132 | D:5      | Reached XP level 8. HP: 71/74 MP: 7/7
  4444 | D:6      | Noticed a blizzard demon
  4445 | D:6      | Found a burning altar of Makhleb.
  4666 | D:6      | Reached **** piety under Trog
  4670 | D:6      | Reached XP level 9. HP: 45/83 MP: 8/8
  4945 | D:6      | Found a glowing silver altar of Zin.
  4945 | D:6      | Noticed an angel
  5467 | D:7      | Found an iron altar of Okawaru.
  5472 | D:7      | Found a sparkling altar of Nemelex Xobeh.
  5541 | D:7      | Found a hide-covered altar of Uskayaw.
  5638 | D:7      | Found a staircase to the Ecumenical Temple.
  5790 | D:7      | Noticed a boulder beetle
  5807 | D:7      | Killed a boulder beetle
  5822 | D:7      | Noticed a cyclops
  5826 | D:7      | Hit by a large rock thrown by a cyclops

Illustrated notes

Levels and vault maps discovered:
D:1:      amcnicky_arrival_feature_with_door, layout_basic
D:2:      layout_loops_ring, basic_altar, grunt_ministairs_15, moated_statue,
          kennysheep_generic_room_15, uniq_natasha, uniq_terence
D:3:      layout_basic, mainiacjoe_overflow_paths,
          ebering_ecumenical_altar_abandoned
D:4:      layout_cave_pools, serial_bayou, serial_bayou_pond_a,
          serial_bayou_crossing, serial_bayou_shore_a, serial_bayou_pond_c,
          hangedman_decor_clover_reticule, hangedman_decor_points,
          serial_bayou_pond_b, kennysheep_generic_room_9, uniq_grinder
D:5:      layout_cave_pools, minivault_19, moated_statue,
          chequers_serial_rivers_micro_a
D:6:      layout_basic, grunt_temple_overflow_order_and_chaos_2,
          nicolae_zen_rock_garden, st_stairs_7
D:7:      layout_basic, nicolae_vehumet_altar_sigil, nicolae_uskayaw_dance_hall,
          grunt_temple_overflow_open, minmay_temple_entry_overgrown,
          enter_ossuary_2, minmay_hollow_rounded_squares

Skill      XL: |  1  2  3  4  5  6  7  8  9 |
---------------+----------------------------+-----
Fighting       | 4 5 6 7 9 |  9.9
Axes           | 4 6 7 8 9 |  9.9
Armour         | 3 4 5 7 9 |  9.2
Dodging        | 3 4 |  4.1

Action                   |  1- 3 |  4- 6 |  7- 9 || total
-------------------------+-------+-------+-------++-------
Melee: Hand axe          |    53 |    77 |   143 ||   273
       Headbutt          |    11 |    12 |    42 ||    65
       War axe           |       |       |    54 ||    54
Invok: Berserk           |     2 |     4 |     5 ||    11
       Trog's Hand       |       |       |     1 ||     1
  Use: Scroll            |       |     2 |     6 ||     8
       Potion            |       |       |     3 ||     3
Armor: Animal skin       |     5 |       |       ||     5
       Scale mail        |       |    23 |    91 ||   114
Dodge: Dodged            |    30 |    40 |    86 ||   156

Table legend: (Time is in decaauts)
 A = Elapsed time spent in this place.
 B = Non-inter-level travel time spent in this place.
 C = Inter-level travel time spent in this place.
 D = Time resting spent in this place.
 E = Time spent auto-exploring this place.
 F = Levels seen in this place.
 G = Mean time per level.
                   A        B        C        D        E       F      G
               +--------+--------+--------+--------+--------+-----+--------+
         Total |   5944 |   5769 |    175 |    651 |   4193 |   7 |  849.1 |
       Dungeon |   5944 |   5769 |    175 |    651 |   4193 |   7 |  849.1 |
               +--------+--------+--------+--------+--------+-----+--------+

Top non-repeatable levels by time:
     D:1: 1042 daAuts
     D:6: 1031 daAuts
     D:3: 993 daAuts
     D:4: 987 daAuts
     D:2: 901 daAuts
     D:5: 591 daAuts
     D:7: 397 daAuts
